 Dungeon Crawl Stone Soup version 0.16-a0-1885-g0f03bb0 (webtiles) character file.

84 Kraw the Ruffian (level 4, -6/40 HPs)
             Began as a Troll Artificer on Nov 6, 2014.
             Was an Initiate of Ashenzari.
             Mangled by Sigmund
             ... wielding a +0 scythe
              (9 damage)
             ... on level 2 of the Dungeon.
             The game lasted 00:05:12 (993 turns).

Kraw the Ruffian (Troll Artificer)                   Turns: 993, Time: 00:05:12

Health: -6/40      AC:  5    Str: 19    XL:     4   Next: 24%
Magic:  3/3        EV: 10    Int:  8    God:    Ashenzari [......]
Gold:   120        SH:  0    Dex: 11    Spells: 0 memorised, 3 levels left

rFire  . . .     SeeInvis .       - Unarmed
rCold  + . .     Clarity  .     e - +0 robe
rNeg   . . .     SustAb   .     (shield restricted)
rPois  .         Gourm    +     (helmet restricted)
rElec  .         Spirit   .     (no cloak)
rCorr  .         Warding  .     (gloves unavailable)
rMut   .         Stasis   .     (boots unavailable)
MR     +....                    (no amulet)
Stlth  +.........               (no ring)
                                p - ring of protection from magic

@: very slightly contaminated, invisible, somewhat resistant to hostile
enchantments, very unstealthy
A: unfitting armour, claws 3, cold resistance 1, fast metabolism 3, gourmand,
regeneration 2, shaggy fur 1, tough skin 2
a: Renounce Religion


You were on level 2 of the Dungeon.
You worshipped Ashenzari.
Ashenzari was noncommittal.
You were completely stuffed.

You visited 1 branch of the dungeon, and saw 2 of its levels.

You collected 120 gold pieces.

Inventory:

Missiles
 g - 14 poisoned needles
Armour
 e - a +0 robe (worn)
Jewellery
 p - a ring of protection from magic (left claw)
Magical devices
 b - a wand of flame (10)
 c - a wand of enslavement (15)
 d - a wand of random effects (15)
Scrolls
 f - a scroll of random uselessness {unknown}
 i - a scroll of immolation {unknown}
 l - 2 scrolls of enchant armour {unknown}
 o - a scroll of magic mapping {unknown}
Comestibles
 a - 2 meat rations
 j - 2 bread rations
 m - 3 fruits
 n - 9 chunks of flesh
 q - a slice of pizza


   Skills:
 - Level 0.7 Fighting
 - Level 1.5 Dodging
 - Level 0.4 Stealth
 + Level 4.1 Unarmed Combat
 - Level 2.1 Evocations


You had 3 spell levels left.
You didn't know any spells.

Dungeon Overview and Level Annotations

Branches:
Dungeon (2/15)

Altars:
Ashenzari
Makhleb

Annotations:
D:2 Sigmund


Innate Abilities, Weirdness & Mutations

You are too large for most types of armour.
You have claws for hands.
Your metabolism is lightning-fast.
You like to eat raw meat.
You heal very quickly.
You are covered in fur (AC +1).
You have very tough skin (AC +2).
Your flesh is cold resistant.


Message History

Press: ? - help, Shift-Dir - straight line The puff of flame hits something.
This wand has 11 charges left.
You hear some strange, mumbled words.
Something tries to affect you, but you resist.
Evoke which item? (* to show all) (? for menu, Esc to quit)
Zapping:
b - a wand of flame (11)
Press: ? - help, Shift-Dir - straight line This wand has 10 charges left.
Something hits you.
* * * LOW HITPOINT WARNING * * *
Drink which item? (? for menu, Esc to quit)
You fade into invisibility!
It was a potion of invisibility.
Something hits you.
* * * LOW HITPOINT WARNING * * *
You are very lightly contaminated with residual magic.
Drink which item? (? for menu, Esc to quit)
You feel extremely strange.
You feel resistant to cold.
Your fur grows into a thick mane.
Your thick fur recedes somewhat.
It was a potion of mutation.
Something hits you!
You die...

### ##..## #%...# #####
#####...[############....
........@†...............
#####...{#######..##.....
#.....# #......#....
#......# #......###.#
.=.#..#.####......# #.#
.######.##......### #.#
###.....>##### #.#
#..#.##..# #.#
#..._...##########.#


There were no monsters in sight!

Vanquished Creatures
  A hound (D:2)
  2 adders (D:2)
  A giant gecko (D:2)
  9 goblins
  6 hobgoblins
  A quokka (D:2)
  3 bats
  3 giant newts (D:1)
  5 kobolds
  A rat (D:2)
32 creatures vanquished.

Notes
Turn   | Place    | Note
--------------------------------------------------------------
     0 | D:1      | Kraw, the Troll Artificer, began the quest for the Orb.
     0 | D:1      | Reached XP level 1. HP: 18/18 MP: 1/1
   204 | D:1      | Reached XP level 2. HP: 23/26 MP: 1/1
   764 | D:2      | Reached skill level 3 in Unarmed Combat
   764 | D:2      | Reached XP level 3. HP: 23/32 MP: 3/3
   848 | D:2      | Found a shattered altar of Ashenzari.
   862 | D:2      | Reached skill level 4 in Unarmed Combat
   862 | D:2      | Reached XP level 4. HP: 20/40 MP: 3/3
   897 | D:2      | Became a worshipper of Ashenzari the Shackled
   946 | D:2      | Found a burning altar of Makhleb.
   977 | D:2      | Noticed Sigmund
   990 | D:2      | HP: 2/40 [something (4)]
   993 | D:2      | Gained mutation: Your flesh is cold resistant. [potion of mutation]
   993 | D:2      | Gained mutation: You are covered in thick fur (AC +2). [potion of mutation]
   993 | D:2      | Lost mutation: You are covered in thick fur (AC +2). [potion of mutation]
   993 | D:2      | Mangled by Sigmund

Action                   |  1- 3 |  4- 6 || total
-------------------------+-------+-------++-------
Melee: Unarmed           |    92 |    16 ||   108
Evoke: Wand              |       |     5 ||     5
  Use: Potion            |       |     2 ||     2
  Eat: Chunk             |    13 |     2 ||    15
